 Dungeon Crawl Stone Soup version 0.30-a0-145-g03d90e2e6d (webtiles) character file.

Game seed: 13106700324604641083

10327 qw the Cleaver (level 11, 0/71 HPs)
             Began as a Gargoyle Fighter on Sept 26, 2022.
             Was an Elder of Okawaru.
             Slain by a manticore (15 damage)
             ... on level 11 of the Dungeon.
             The game lasted 00:04:31 (10729 turns).

qw the Cleaver (Gargoyle Fighter)                  Turns: 10729, Time: 00:04:32

Health: 0/71       AC: 28    Str: 25    XL:     11   Next: 60%
Magic:  16/16      EV:  9    Int:  8    God:    Okawaru [****..]
Gold:   211        SH: 11    Dex:  9    Spells: 10/10 levels left

rFire   . . .      SeeInvis .    t - +3 war axe
rCold   . . .      Faith    .    c - +0 buckler
rNeg    + . .      Spirit   .    a - +0 plate armour
rPois   inf        Reflect  +    (no helmet)
rElec   +          Harm     .    (no cloak)
rCorr   .          Rampage  .    q - +0 pair of gloves
Will    +....                    (no boots)
Stlth   ..........               i - amulet of reflection
HPRegen 0.21/turn                n - +4 ring of protection
MPRegen 0.15/turn                h - ring of willpower

@: about to teleport, heroic, marked
A: sickness immunity, AC +8, negative energy resistance 1, electricity
resistance, torment resistance 1, petrification resistance
a: Renounce Religion, Heroism, Finesse


You were on level 11 of the Dungeon.
You worshipped Okawaru.
Okawaru was greatly pleased with you.
You visited 2 branches of the dungeon, and saw 12 of its levels.
You also visited: Sewer and Ossuary.

You collected 654 gold pieces.
You spent 443 gold pieces at shops.


Innate Abilities, Weirdness & Mutations

You are immune to sickness and miasma.
Your stone body is resilient. (AC +8)
You are immune to poison.
You resist negative energy. (rN+)
You are resistant to electric shocks. (rElec)
You are resistant to unholy torment.
You are immune to petrification.


   Skills:
 - Level 9.0(14.0) Fighting
 + Level 11.4(16.4) Axes
 - Level 4.0(9.0) Throwing
 - Level 7.0(12.0) Armour
 - Level 1.5(6.5) Dodging
 - Level 5.0(10.0) Shields
 + Level 7.4 Invocations


You had 10 spell levels left.
You didn't know any spells.
Your spell library was empty.

Inventory:

Hand Weapons
 o - a +0 morningstar
 t - a +3 war axe (weapon)
Missiles
 j - 17 boomerangs (quivered)
 w - a silver javelin
 x - a javelin
Armour
 a - a +0 plate armour (worn)
 c - a +0 buckler (worn)
 q - a +0 pair of gloves (worn)
Jewellery
 b - a ring of positive energy
 h - a ring of willpower (right hand)
 i - an amulet of reflection (around neck)
 n - a +4 ring of protection (left hand)
 Y - a ring of resist corrosion
Scrolls
 k - a scroll of identify
Potions
 d - 3 potions of might
 e - 2 potions of attraction
 f - 2 potions of mutation
 g - 13 potions of curing
 l - 6 potions of heal wounds
 m - 4 potions of cancellation
 p - a potion of resistance
 s - a potion of lignification
 u - 3 potions of haste
 v - a potion of magic

Dungeon Overview and Level Annotations

Branches:
Dungeon (11/15)            Temple (1/1) D:4             Orc (0/2) D:9
  Sewer (visited)         Ossuary (visited)
   Lair: D:8-11

Altars:
Ashenzari
Cheibriados
Dithmenos
Elyvilon
Fedhas
Gozag
Hepliaklqana
Kikubaaqudgha
Makhleb
Nemelex Xobeh
Okawaru
Qazlal
Ru
Sif Muna
Trog
Uskayaw
Vehumet
Wu Jian
Xom
Yredelemnul
Zin
The Shining One

Shops:
D:1 *   D:6 :   D:8 !=*

Annotations:
D:10 3 runed translucent doors, qw's ghost, novice GrFi


Message History

You hit something.
You hear the beating of a very distant drum.
Something hits you! Something hits you but does no damage.
The purple ugly thing closely misses you.
You slash the purple ugly thing!
The purple ugly thing is heavily wounded.
You hit something but do no damage. Something hits you but does no damage.
You block the purple ugly thing's attack.
You hit the purple ugly thing but do no damage.
The purple ugly thing is heavily wounded.
You closely miss something. Something hits you but does no damage.
A yak comes into view.
You slash the purple ugly thing!
The purple ugly thing is almost dead.
Something hits you.
You block the purple ugly thing's attack.
You barely miss the purple ugly thing.
The purple ugly thing is almost dead.
You slash the manticore! The purple ugly thing pecks you.
You slash the purple ugly thing!
You kill the purple ugly thing!
Okawaru accepts your kill.
You barely miss the manticore.
The manticore bites you but does no damage.
The manticore claws you but does no damage.
The manticore claws you. Something hits you but does no damage.
You barely miss the manticore.
The manticore is lightly wounded.
You miss something.
Something hits you but does no damage. x2; The manticore closely misses you.
The manticore claws you! The manticore claws you.
10729 ||| READING scroll of teleportation.
As you read the scroll of teleportation, it crumbles to dust.
You feel strangely unstable. Something hits you but does no damage.
Something completely misses you. The manticore bites you!
You die...

#### #.... ###
#.... #..#
#..... #..#
#.....### #..#
#.....[.# #..#
#!# #..#
#@###..########
#{H.....[......
#.Y............
#Y.............
#.............^
#.....:######..
#......#
#......#
#......+


You could see a manticore and 2 yaks.

Vanquished Creatures
  3 two-headed ogres
  A boulder beetle (D:10)
  Erica (D:8)
  A cyclops (D:10)
  3 ugly things
  Joseph (D:7)
  A troll (D:10)
  Prince Ribbit (D:6)
  Grinder (D:6)
  A shadow (D:9)
  2 wyverns
  3 yaks (D:9)
  A wraith (D:9)
  Grum (D:6)
  2 steam dragons
  An acid dragon (D:11)
  3 water moccasins
  An ice beast (D:6)
  2 sky beasts (D:7)
  2 black bears
  An ogre (D:5)
  2 centaurs
  4 kobold brigands
  2 elf zombies (Ossuary)
  4 bullfrogs
  A necrophage (D:7)
  2 gnoll sergeants (D:6)
  A scorpion (D:6)
  3 wights (D:9)
  4 howler monkeys
  A human zombie (Ossuary)
  3 gnoll boudas
  6 hounds
  4 orc priests
  3 iguanas (D:4)
  3 orc wizards
  2 mummies (Ossuary)
  31 gnolls
  13 adders
  2 adder zombies (Ossuary)
  3 worms
  3 dart slugs
  32 orcs
  7 endoplasms
  7 giant cockroaches
  10 goblins
  11 hobgoblins
  17 jackals
  7 quokkas
  8 ball pythons
  7 bats
  11 frilled lizards
  A goblin zombie (Ossuary)
  11 hobgoblin zombies (Ossuary)
  3 jackal zombies (Ossuary)
  28 kobolds
  8 kobold zombies
  7 orc zombies (Ossuary)
  2 rats (D:1)
  4 rat zombies
311 creatures vanquished.

Notes
Turn   | Place    | Note
-------+----------+-------------------------------------------
     0 | D:1      | qw the Gargoyle Fighter began the quest for the Orb.
     0 | D:1      | Reached XP level 1. HP: 14/14 MP: 1/1
     0 | D:1      | 0 ||| qw: Version: 0.2-a-10-g399e6c4
     0 | D:1      | 0 ||| qw: Game counter: 497
     0 | D:1      | 0 ||| qw: Always use a shield: true
     0 | D:1      | 0 ||| qw: God list: Okawaru
     0 | D:1      | 0 ||| qw: Allow faded altars: false
     0 | D:1      | 0 ||| qw: Do Orc after D:15 true
     0 | D:1      | 0 ||| qw: Do second Lair branch before Depths: true
     0 | D:1      | 0 ||| qw: Lair rune preference: random
     0 | D:1      | 0 ||| qw: Plans: Normal, Zot:1-4, God:TSO, Crypt, Tomb,
                  | Pan, Slime:5, Hells, Abyss, Orb
     0 | D:1      | 0 ||| PLANNING D:1-11
    34 | D:1      | Reached skill level 2 in Axes
    92 | D:1      | 92 ||| Stepping ~*~*~tactically~*~*~ (stealth).
    93 | D:1      | 93 ||| Stepping ~*~*~tactically~*~*~ (stealth).
   120 | D:1      | Reached XP level 2. HP: 17/19 MP: 2/2
   229 | D:1      | Found Cuacieth's Assorted Antiques.
   232 | D:1      | 232 ||| Stepping ~*~*~tactically~*~*~ (stealth).
   233 | D:1      | 233 ||| Stepping ~*~*~tactically~*~*~ (stealth).
   257 | D:1      | 257 ||| Stepping ~*~*~tactically~*~*~ (stealth).
   269 | D:1      | 269 ||| DROPPING +0 whip.
   274 | D:1      | 274 ||| BUYING fizzy cyan potion (18 gold).
   274 | D:1      | Bought a fizzy cyan potion for 18 gold pieces
   274 | D:1      | 274 ||| SHOPLISTING large pearl ring (105 gold, have 1).
   274 | D:1      | 274 ||| SHOPLISTING scroll labelled IDWERIX COBEH (21 gold,
                  | have 1).
   274 | D:1      | 274 ||| SHOPLISTING scroll labelled IHALYD ISYUKOR (21
                  | gold, have 1).
   274 | D:1      | 274 ||| SHOPLISTING scroll labelled SAGEDD GEAFUH (21 gold,
                  | have 1).
   283 | D:1      | Reached skill level 3 in Axes
   403 | D:1      | Reached XP level 3. HP: 21/23 MP: 3/3
   718 | D:1      | 718 ||| DROPPING +3 leather armour.
   719 | D:1      | 719 ||| UPGRADING to +0 pair of gloves.
   724 | D:1      | 724 ||| UPGRADING to amulet of reflection.
   729 | D:1      | 729 ||| READING scroll labelled NAOMUI BUOTEA.
   730 | D:1      | 730 ||| READING scroll labelled CITUOGITUE.
   731 | D:1      | 731 ||| READING scroll labelled MUNUXY VEYRGHUDGH.
   732 | D:1      | 732 ||| DRINKING 2 emerald potions.
   794 | D:2      | 794 ||| FLEEEEING.
   799 | D:2      | 799 ||| STAIRDANCE
   874 | D:2      | Found a shimmering altar of Xom.
   916 | D:2      | 916 ||| Stepping ~*~*~tactically~*~*~ (stealth).
   931 | D:2      | 931 ||| Stepping ~*~*~tactically~*~*~ (hiding).
  1050 | D:2      | Reached XP level 4. HP: 27/28 MP: 4/4
  1099 | D:2      | You fall into a shaft and drop 1 floor!
  1099 | D:3      | Found a radiant altar of Vehumet.
  1100 | D:3      | 1100 ||| PLANNING SEWER
  1359 | D:3      | 1359 ||| Stepping ~*~*~tactically~*~*~ (hiding).
  1362 | D:3      | 1362 ||| Stepping ~*~*~tactically~*~*~ (hiding).
  1365 | D:3      | Reached skill level 4 in Axes
  1480 | D:3      | Found a glowing drain.
  1481 | D:3      | 1481 ||| UPGRADING to +4 ring of protection.
  1482 | D:3      | 1482 ||| READING scroll labelled SAGEDD GEAFUH.
  1483 | D:3      | 1483 ||| DRINKING 3 lumpy cyan potions.
  1484 | D:3      | 1484 ||| READING 2 scrolls of identify.
  1484 | D:3      | 1484 ||| IDENTIFYING purple potion
  1488 | D:3      | 1488 ||| FLEEEEING.
  1489 | D:3      | 1489 ||| FLEEEEING.
  1503 | D:3      | 1503 ||| FLEEEEING.
  1518 | D:3      | 1518 ||| FLEEEEING.
  1520 | D:3      | 1520 ||| FLEEEEING.
  1551 | Sewer    | Entered a sewer
  1642 | Sewer    | Reached XP level 5. HP: 30/32 MP: 5/5
  1718 | Sewer    | Reached skill level 5 in Axes
  1844 | Sewer    | Reached XP level 6. HP: 36/39 MP: 6/6
  1901 | Sewer    | Reached skill level 1 in Dodging
  2085 | Sewer    | 2085 ||| DROPPING +1 vorpal hand axe.
  2275 | Sewer    | 2275 ||| READING 2 scrolls of identify.
  2275 | Sewer    | 2275 ||| IDENTIFYING fizzy cyan potion
  2295 | D:3      | 2295 ||| PLANNING D:1-11
  2666 | D:2      | 2666 ||| UPGRADING to +0 plate armour.
  2676 | D:2      | 2676 ||| DROPPING +0 scale mail.
  2677 | D:2      | 2677 ||| DROPPING ring of wizardry.
  2678 | D:2      | 2678 ||| DRINKING 2 glowing brown potions.
  2679 | D:2      | 2679 ||| DROPPING potion of degeneration.
  2825 | D:3      | 2825 ||| Stepping ~*~*~tactically~*~*~ (stealth).
  2859 | D:3      | 2859 ||| Stepping ~*~*~tactically~*~*~ (stealth).
  2917 | D:3      | Identified the +1 robe "Gamil" {Int+6}
  3166 | D:3      | 3166 ||| READING scroll labelled GEONIO RAVVO.
  3199 | D:4      | 3199 ||| STAIRDANCE
  3210 | D:4      | 3210 ||| STAIRDANCE
  3238 | D:4      | 3238 ||| STAIRDANCE
  3263 | D:4      | 3263 ||| STAIRDANCE
  3325 | D:4      | 3325 ||| DROPPING +0 flail.
  3330 | D:4      | 3330 ||| Stepping ~*~*~tactically~*~*~ (stealth).
  3429 | D:4      | Found a staircase to the Ecumenical Temple.
  3430 | D:4      | 3430 ||| PLANNING TEMPLE
  3430 | D:4      | 3430 ||| READING scroll labelled IDWERIX COBEH.
  3431 | D:4      | 3431 ||| READING scroll labelled NEOCLA BI KOI.
  3432 | D:4      | 3432 ||| READING scroll labelled ZOIQOUCU BOUT.
  3433 | D:4      | 3433 ||| DRINKING 2 brown potions.
  3434 | D:4      | 3434 ||| DROPPING potion of magic.
  3442 | Temple   | Entered the Ecumenical Temple
  3443 | Temple   | 3443 ||| PLANNING OKAWARU WORSHIP
  3641 | Temple   | Became a worshipper of Warmaster Okawaru
  3642 | Temple   | 3642 ||| PLANNING D:1-11
  3700 | D:4      | Reached XP level 7. HP: 44/44 MP: 7/7
  3715 | D:4      | Reached skill level 1 in Throwing
  3748 | D:4      | 3748 ||| Stepping ~*~*~tactically~*~*~ (stealth).
  4022 | D:4      | 4022 ||| READING scroll labelled JYNO GUNABA.
  4027 | D:4      | 4027 ||| DRINKING 2 red potions.
  4028 | D:4      | 4028 ||| READING 2 scrolls of identify.
  4028 | D:4      | 4028 ||| IDENTIFYING bubbling blue potion
  4029 | D:4      | 4029 ||| DROPPING potion of berserk rage.
  4043 | D:5      | Entered Level 5 of the Dungeon
  4126 | D:5      | Reached skill level 6 in Axes
  4170 | D:5      | Found a shimmering blue altar of Sif Muna.
  4237 | D:5      | Reached * piety under Okawaru
  4256 | D:5      | Reached skill level 1 in Invocations
  4258 | D:5      | 4258 ||| Stepping ~*~*~tactically~*~*~ (stealth).
  4341 | D:5      | Found a sparkling altar of Nemelex Xobeh.
  4350 | D:5      | 4350 ||| INVOKING Heroism.
  4445 | D:5      | 4445 ||| Stepping ~*~*~tactically~*~*~ (stealth).
  4446 | D:5      | 4446 ||| Stepping ~*~*~tactically~*~*~ (stealth).
  4447 | D:5      | 4447 ||| Stepping ~*~*~tactically~*~*~ (stealth).
  4451 | D:5      | 4451 ||| Stepping ~*~*~tactically~*~*~ (stealth).
  4468 | D:5      | 4468 ||| READING scroll of enchant weapon.
  4468 | D:5      | 4468 ||| ENCHANTING +1 war axe.
  4472 | D:5      | 4472 ||| READING scroll of enchant weapon.
  4472 | D:5      | 4472 ||| ENCHANTING +2 war axe.
  4659 | D:5      | Found a glowing golden altar of the Shining One.
  4735 | D:5      | Reached XP level 8. HP: 48/48 MP: 9/9
  4766 | D:5      | 4766 ||| INVOKING Heroism.
  4768 | D:5      | 4768 ||| Stepping ~*~*~tactically~*~*~ (hiding).
  4779 | D:5      | Reached skill level 3 in Invocations
  5003 | D:6      | Noticed Grinder
  5007 | D:6      | 5007 ||| Stepping ~*~*~tactically~*~*~ (hiding).
  5010 | D:6      | 5010 ||| INVOKING Heroism.
  5025 | D:6      | 5025 ||| INVOKING Heroism.
  5036 | D:6      | Killed Grinder
  5037 | D:6      | Reached skill level 7 in Axes
  5067 | D:6      | 5067 ||| Stepping ~*~*~tactically~*~*~ (stealth).
  5068 | D:6      | 5068 ||| Stepping ~*~*~tactically~*~*~ (stealth).
  5071 | D:6      | 5071 ||| Stepping ~*~*~tactically~*~*~ (stealth).
  5075 | D:6      | 5075 ||| INVOKING Heroism.
  5168 | D:6      | Found an opulent altar of Gozag.
  5181 | D:6      | Noticed Prince Ribbit
  5182 | D:6      | 5182 ||| INVOKING Heroism.
  5196 | D:6      | Killed Prince Ribbit
  5197 | D:6      | Reached skill level 6 in Fighting
  5236 | D:6      | Reached ** piety under Okawaru
  5279 | D:6      | Found a white marble altar of Elyvilon.
  5281 | D:6      | Reached XP level 9. HP: 55/55 MP: 12/12
  5316 | D:6      | 5316 ||| Stepping ~*~*~tactically~*~*~ (stealth).
  5326 | D:6      | Reached skill level 8 in Axes
  5336 | D:6      | 5336 ||| Stepping ~*~*~tactically~*~*~ (stealth).
  5479 | D:6      | Found a stormy altar of Qazlal.
  5527 | D:6      | 5527 ||| Stepping ~*~*~tactically~*~*~ (stealth).
  5580 | D:6      | 5580 ||| INVOKING Heroism.
  5640 | D:6      | 5640 ||| FLEEEEING.
  5641 | D:6      | 5641 ||| FLEEEEING.
  5642 | D:6      | 5642 ||| FLEEEEING.
  5674 | D:6      | 5674 ||| Stepping ~*~*~tactically~*~*~ (stealth).
  5762 | D:6      | 5762 ||| Stepping ~*~*~tactically~*~*~ (stealth).
  5764 | D:6      | 5764 ||| Stepping ~*~*~tactically~*~*~ (hiding).
  5765 | D:6      | 5765 ||| Stepping ~*~*~tactically~*~*~ (hiding).
  5766 | D:6      | 5766 ||| Stepping ~*~*~tactically~*~*~ (hiding).
  5767 | D:6      | 5767 ||| Stepping ~*~*~tactically~*~*~ (hiding).
  5769 | D:6      | 5769 ||| Stepping ~*~*~tactically~*~*~ (hiding).
  5770 | D:6      | 5770 ||| Stepping ~*~*~tactically~*~*~ (hiding).
  5771 | D:6      | 5771 ||| Stepping ~*~*~tactically~*~*~ (hiding).
  5772 | D:6      | 5772 ||| Stepping ~*~*~tactically~*~*~ (hiding).
  5774 | D:6      | 5774 ||| Stepping ~*~*~tactically~*~*~ (hiding).
  5852 | D:6      | Noticed Grum
  5853 | D:6      | 5853 ||| INVOKING Heroism.
  5857 | D:6      | Killed Grum
  5939 | D:6      | 5939 ||| Stepping ~*~*~tactically~*~*~ (hiding).
  5940 | D:6      | 5940 ||| Stepping ~*~*~tactically~*~*~ (hiding).
  5941 | D:6      | 5941 ||| Stepping ~*~*~tactically~*~*~ (hiding).
  5942 | D:6      | 5942 ||| Stepping ~*~*~tactically~*~*~ (hiding).
  5963 | D:6      | 5963 ||| Stepping ~*~*~tactically~*~*~ (stealth).
  5965 | D:6      | 5965 ||| Stepping ~*~*~tactically~*~*~ (stealth).
  5966 | D:6      | 5966 ||| Stepping ~*~*~tactically~*~*~ (stealth).
  6019 | D:6      | 6019 ||| Stepping ~*~*~tactically~*~*~ (hiding).
  6020 | D:6      | 6020 ||| Stepping ~*~*~tactically~*~*~ (hiding).
  6021 | D:6      | 6021 ||| Stepping ~*~*~tactically~*~*~ (hiding).
  6022 | D:6      | 6022 ||| Stepping ~*~*~tactically~*~*~ (hiding).
  6023 | D:6      | 6023 ||| Stepping ~*~*~tactically~*~*~ (hiding).
  6026 | D:6      | 6026 ||| INVOKING Heroism.
  6053 | D:6      | Reached skill level 9 in Axes
  6127 | D:6      | Found Ristaf's Book Shop.
  6308 | D:6      | 6308 ||| DROPPING +6 ring of intelligence.
  6309 | D:6      | 6309 ||| UPGRADING to ring of resist corrosion.
  6310 | D:6      | 6310 ||| READING scroll labelled IHALYD ISYUKOR.
  6311 | D:6      | 6311 ||| READING scroll labelled QEXUEGREHA.
  6312 | D:6      | 6312 ||| READING scroll labelled WAHOR GUCY.
  6413 | D:6      | 6413 ||| DRINKING 2 amethyst potions.
  6414 | D:6      | 6414 ||| DROPPING potion of brilliance.
  6462 | D:7      | Noticed Joseph
  6476 | D:7      | Killed Joseph
  6477 | D:7      | Reached skill level 3 in Throwing
  6582 | D:7      | 6582 ||| INVOKING Heroism.
  6647 | D:7      | 6647 ||| INVOKING Heroism.
  6904 | D:7      | Found an ancient bone altar of Kikubaaqudgha.
  7001 | D:7      | Reached XP level 10. HP: 59/63 MP: 13/13
  7131 | D:7      | 7131 ||| UPGRADING to ring of willpower.
  7133 | D:7      | 7133 ||| READING 2 scrolls of identify.
  7133 | D:7      | 7133 ||| IDENTIFYING yellow potion
  7149 | D:8      | 7149 ||| PLANNING OSSUARY
  7150 | D:8      | 7150 ||| INVOKING Heroism.
  7166 | D:8      | Reached skill level 6 in Armour
  7174 | D:8      | Found Onaqai's Assorted Antiques.
  7195 | D:8      | 7195 ||| BUYING potion of curing (90 gold).
  7195 | D:8      | Bought a potion of curing for 90 gold pieces
  7195 | D:8      | 7195 ||| BUYING scroll of identify (60 gold).
  7195 | D:8      | Bought a scroll of identify for 60 gold pieces
  7243 | D:8      | Noticed a brown ugly thing
  7252 | D:8      | Killed a brown ugly thing
  7346 | D:8      | Found a snail-covered altar of Cheibriados.
  7358 | D:8      | Noticed a two-headed ogre
  7360 | D:8      | 7360 ||| Stepping ~*~*~tactically~*~*~ (hiding).
  7360 | D:8      | Noticed Erica
  7361 | D:8      | 7361 ||| Stepping ~*~*~tactically~*~*~ (hiding).
  7362 | D:8      | 7362 ||| Stepping ~*~*~tactically~*~*~ (hiding).
  7363 | D:8      | 7363 ||| Stepping ~*~*~tactically~*~*~ (hiding).
  7364 | D:8      | 7364 ||| INVOKING Heroism.
  7376 | D:8      | Killed a two-headed ogre
  7376 | D:8      | Reached *** piety under Okawaru
  7377 | D:8      | Reached skill level 10 in Axes
  7382 | D:8      | Killed Erica
  7505 | D:8      | Found a sand-covered staircase.
  7506 | D:8      | 7506 ||| READING 3 scrolls of identify.
  7506 | D:8      | 7506 ||| IDENTIFYING fuming grey potion
  7507 | D:8      | 7507 ||| READING 2 scrolls of identify.
  7507 | D:8      | 7507 ||| IDENTIFYING ruby potion
  7508 | D:8      | 7508 ||| DROPPING potion of ambrosia.
  7514 | Ossuary  | Entered an ossuary
  7521 | Ossuary  | 7521 ||| Stepping ~*~*~tactically~*~*~ (stealth).
  7522 | Ossuary  | 7522 ||| Stepping ~*~*~tactically~*~*~ (stealth).
  7557 | Ossuary  | 7557 ||| Stepping ~*~*~tactically~*~*~ (stealth).
  7558 | Ossuary  | 7558 ||| INVOKING Heroism.
  7605 | Ossuary  | 7605 ||| Stepping ~*~*~tactically~*~*~ (stealth).
  7655 | Ossuary  | 7655 ||| Stepping ~*~*~tactically~*~*~ (stealth).
  7702 | Ossuary  | 7702 ||| INVOKING Heroism.
  7723 | Ossuary  | 7723 ||| Stepping ~*~*~tactically~*~*~ (stealth).
  7791 | D:8      | 7791 ||| PLANNING D:1-11
  7796 | D:8      | Found Joqesithril's Jewellery Boutique.
  7810 | D:8      | 7810 ||| SHOPLISTING +4 ring of protection (468 gold, have
                  | 299).
  7810 | D:8      | 7810 ||| SHOPLISTING ring "Qiwkef" {rC+ Str+2 Int+6 Stlth+}
                  | (741 gold, have 299).
  7810 | D:8      | 7810 ||| SHOPLISTING ring of protection from cold (325
                  | gold, have 299).
  7891 | D:8      | Found Sifratoig's Distillery.
  7897 | D:8      | 7897 ||| BUYING potion of attraction (33 gold).
  7897 | D:8      | Bought a potion of attraction for 33 gold pieces
  7897 | D:8      | 7897 ||| BUYING potion of curing (33 gold).
  7897 | D:8      | Bought a potion of curing for 33 gold pieces
  7897 | D:8      | 7897 ||| BUYING potion of curing (33 gold).
  7897 | D:8      | Bought a potion of curing for 33 gold pieces
  7897 | D:8      | 7897 ||| BUYING potion of heal wounds (55 gold).
  7897 | D:8      | Bought a potion of heal wounds for 55 gold pieces
  7897 | D:8      | 7897 ||| BUYING potion of lignification (33 gold).
  7897 | D:8      | Bought a potion of lignification for 33 gold pieces
  7897 | D:8      | 7897 ||| BUYING potion of magic (88 gold).
  7897 | D:8      | Bought a potion of magic for 88 gold pieces
  7897 | D:8      | 7897 ||| SHOPLISTING potion of mutation (88 gold, have 39).
  7897 | D:8      | 7897 ||| SHOPLISTING potion of resistance (110 gold, have
                  | 39).
  8151 | D:8      | Found a blossoming altar of Fedhas.
  8196 | D:9      | Noticed a two-headed ogre
  8197 | D:9      | 8197 ||| STAIRDANCE
  8249 | D:9      | 8249 ||| INVOKING Heroism.
  8257 | D:9      | Killed a two-headed ogre
  8257 | D:9      | Reached **** piety under Okawaru
  8257 | D:9      | Received a gift from Okawaru
  8258 | D:9      | 8258 ||| STAIRDANCE
  8550 | D:9      | 8550 ||| Stepping ~*~*~tactically~*~*~ (stealth).
  8604 | D:9      | 8604 ||| Stepping ~*~*~tactically~*~*~ (stealth).
  8683 | D:9      | 8683 ||| Stepping ~*~*~tactically~*~*~ (stealth).
  8685 | D:9      | 8685 ||| Stepping ~*~*~tactically~*~*~ (stealth).
  8694 | D:9      | 8694 ||| Stepping ~*~*~tactically~*~*~ (stealth).
  8695 | D:9      | 8695 ||| Stepping ~*~*~tactically~*~*~ (stealth).
  8696 | D:9      | 8696 ||| INVOKING Heroism.
  8697 | D:9      | 8697 ||| Stepping ~*~*~tactically~*~*~ (stealth).
  8702 | D:9      | Reached skill level 11 in Axes
  8703 | D:9      | Reached XP level 11. HP: 63/69 MP: 11/14
  8720 | D:9      | 8720 ||| INVOKING Heroism.
  8726 | D:9      | 8726 ||| FLEEEEING.
  8727 | D:9      | 8727 ||| FLEEEEING.
  8728 | D:9      | 8728 ||| FLEEEEING.
  8729 | D:9      | 8729 ||| FLEEEEING.
  8747 | D:9      | Noticed a two-headed ogre
  8748 | D:9      | 8748 ||| Stepping ~*~*~tactically~*~*~ (stealth).
  8752 | D:9      | 8752 ||| FLEEEEING.
  8753 | D:9      | 8753 ||| FLEEEEING.
  8754 | D:9      | 8754 ||| FLEEEEING.
  8755 | D:9      | 8755 ||| FLEEEEING.
  8756 | D:9      | 8756 ||| FLEEEEING.
  8757 | D:9      | 8757 ||| FLEEEEING.
  8758 | D:9      | 8758 ||| FLEEEEING.
  8759 | D:9      | 8759 ||| FLEEEEING.
  8760 | D:9      | 8760 ||| FLEEEEING.
  8761 | D:9      | 8761 ||| FLEEEEING.
  8762 | D:9      | 8762 ||| FLEEEEING.
  8763 | D:9      | 8763 ||| FLEEEEING.
  8764 | D:9      | 8764 ||| FLEEEEING.
  8765 | D:9      | 8765 ||| STAIRDANCE
  8894 | D:9      | 8894 ||| INVOKING Heroism.
  8902 | D:9      | Killed a two-headed ogre
  8903 | D:9      | Reached skill level 6 in Invocations
  9020 | D:9      | 9020 ||| Stepping ~*~*~tactically~*~*~ (stealth).
  9022 | D:9      | 9022 ||| Stepping ~*~*~tactically~*~*~ (stealth).
  9024 | D:9      | 9024 ||| INVOKING Heroism.
  9027 | D:9      | 9027 ||| Stepping ~*~*~tactically~*~*~ (stealth).
  9063 | D:9      | 9063 ||| Stepping ~*~*~tactically~*~*~ (hiding).
  9064 | D:9      | 9064 ||| Stepping ~*~*~tactically~*~*~ (hiding).
  9191 | D:9      | Received a gift from Okawaru
  9193 | D:9      | Found a staircase to the Orcish Mines.
  9217 | D:9      | Found a bloodstained altar of Trog.
  9219 | D:9      | Found a burning altar of Makhleb.
  9233 | D:9      | Found a basalt altar of Yredelemnul.
  9520 | D:9      | 9520 ||| READING 2 scrolls of identify.
  9520 | D:9      | 9520 ||| IDENTIFYING murky ruby potion
  9521 | D:9      | 9521 ||| DROPPING potion of flight.
  9545 | D:10     | Entered Level 10 of the Dungeon
  9561 | D:10     | Found a flagged portal.
  9628 | D:10     | Found a runed translucent gate.
  9628 | D:10     | Found a runed translucent gate.
  9628 | D:10     | Found a runed translucent gate.
  9630 | D:10     | Noticed a two-headed ogre
  9631 | D:10     | Noticed qw's ghost (novice GrFi)
  9631 | D:10     | Noticed a two-headed ogre
  9632 | D:10     | Noticed a fire giant
  9702 | D:10     | 9702 ||| INVOKING Heroism.
  9703 | D:10     | 9703 ||| Stepping randomly (cloudy).
  9775 | D:10     | 9775 ||| INVOKING Heroism.
  9970 | D:10     | Found a shimmering altar of Xom.
  9974 | D:10     | Found a shimmering altar of Xom.
  9975 | D:10     | Found a shimmering altar of Xom.
 10020 | D:10     | Noticed a cyclops
 10021 | D:10     | 10021 ||| INVOKING Heroism.
 10038 | D:10     | Killed a cyclops
 10039 | D:10     | Reached skill level 9 in Fighting
 10117 | D:10     | Noticed a boulder beetle
 10118 | D:10     | 10118 ||| INVOKING Heroism.
 10128 | D:10     | Killed a boulder beetle
 10447 | D:10     | Found a sacrificial altar of Ru.
 10635 | D:10     | Noticed a fire crab
 10644 | D:10     | 10644 ||| DROPPING orb of light.
 10672 | D:11     | 10672 ||| PLANNING GAUNTLET
 10674 | D:11     | Noticed a purple ugly thing
 10679 | D:11     | Killed a purple ugly thing
 10709 | D:11     | 10709 ||| INVOKING Heroism.
 10719 | D:11     | Noticed a manticore
 10720 | D:11     | Noticed a purple ugly thing
 10727 | D:11     | Killed a purple ugly thing
 10728 | D:11     | HP: 16/71 [manticore (9)]
 10729 | D:11     | 10729 ||| READING scroll of teleportation.
 10729 | D:11     | Slain by a manticore

Levels and vault maps discovered:
D:1:      sevenhm_arrival_forest_fort_large_4, layout_rooms, serial_shops, shop,
          minmay_misc_feat_doors, minmay_tromino_v4_b
D:2:      layout_basic, basic_altar, serial_bayou_pond_a
D:3:      layout_basic, mainiacjoe_overflow_concentric_impassable,
          cheibrodos_sewer_entry_bend, serial_rivers,
          chequers_serial_rivers_marsh, chequers_serial_rivers_small_a,
          chequers_serial_rivers_micro_d, chequers_serial_rivers_small_a,
          chequers_serial_rivers_small_b
D:4:      layout_cave_pools, minmay_temple_entry_stoned_glass
D:5:      black_bear_nest_2, layout_basic, general_overflow_altar,
          old_standard_altar, lemuel_doored_altar
D:6:      layout_cave_pools, mainiacjoe_overflow_small_starburst,
          nicolae_elyvilon_peaceful_grove, lemuel_crystal_altar,
          serial_gnoll_camp, gnoll_camp_medium_02, grums_kennel,
          gnoll_camp_mini_loothouse, gnoll_camp_medium_01, gnoll_camp_mini_shop,
          st_stairs_5, uniq_grinder, uniq_prince_ribbit1
D:7:      dreamdust_elfheim, layout_rooms, mainiacjoe_overflow_alcove_2,
          grunt_decor_cap, uniq_joseph
D:8:      layout_cave_pools, mainiacjoe_overflow_alcove_4, fedhas_altar_4,
          enter_ossuary_3, serial_shops, nicolae_shop_advertising_works
          [nicolae_subvault_shop_adworks], shop, kennysheep_little_box,
          uniq_erica, uniq_grum
D:9:      layout_cave_pools, grunt_temple_overflow_open, orc_0_dummy
D:10:     layout_roguey, mainiacjoe_overflow_alcove_1, xom_redecorated,
          gammafunk_ghost_split, enter_bailey_5
D:11:     kennysheep_spiral_hall, layout_irregular_city, gauntlet_entry_generic,
          serial_rivers, chequers_serial_rivers_small_a,
          chequers_serial_rivers_small_b, chequers_serial_rivers_micro_d,
          chequers_serial_rivers_small_3, chequers_serial_rivers_room_a,
          chequers_serial_rivers_micro_c, enter_trove_3,
          kennysheep_generic_room_3
Temple:   nicolae_temple_bog_church

Skill      XL: |  1  2  3  4  5  6  7  8  9 10 11 |
---------------+----------------------------------+-----
Axes           | 2 3 4 5 6 7 9 11 | 11.4
Fighting       | 4 6 7 8 9 |  9.0
Dodging        | 1 |  1.5
Throwing       | 2 3 4 |  4.0
Invocations    | 2 4 5 7 |  7.4
Armour         | 4 5 6 7 |  7.0
Shields        | 4 5 |  5.0

Action                   |  1- 3 |  4- 6 |  7- 9 | 10-12 || total
-------------------------+-------+-------+-------+-------++-------
Melee: War axe           |    81 |   222 |   239 |   262 ||   804
Throw: Boomerang         |    31 |    12 |    51 |    41 ||   135
       Javelin           |       |     4 |    46 |    30 ||    80
Invok: Heroism           |       |       |    11 |    14 ||    25
  Use: Scroll            |     3 |     7 |     7 |     5 ||    22
       Potion            |     1 |     3 |     2 |       ||     6
Armor: Scale mail        |    40 |    71 |       |       ||   111
       Plate armour      |       |    68 |   133 |    90 ||   291
Dodge: Dodged            |    36 |    70 |    64 |    50 ||   220
Block: Buckler           |    20 |    99 |   117 |   119 ||   355
       Reflection        |       |       |    14 |     5 ||    19

Table legend:
 A = Non-vault XP
 B = Vault XP
 C = Vault XP percentage of total XP
 D = Non-vault monster count
 E = Vault monster count
 F = Vault count percentage of total count
                 A         B        C        D         E       F
            +---------+---------+-------+---------+---------+-------
      Total |   11132 |    3621 |  24.5 |     195 |     116 |  37.3
            +---------+---------+-------+---------+---------+-------
        D:1 |      45 |       2 |   4.3 |      28 |       1 |   3.4
        D:2 |      39 |       0 |   0.0 |      13 |       0 |   0.0
        D:3 |     103 |       5 |   4.6 |      26 |       1 |   3.7
        D:4 |     194 |       0 |   0.0 |      23 |       0 |   0.0
        D:5 |     576 |     126 |  17.9 |      23 |       1 |   4.2
        D:6 |     616 |    1595 |  72.1 |      11 |      40 |  78.4
        D:7 |     667 |     439 |  39.7 |       8 |       1 |  11.1
        D:8 |    1863 |     833 |  30.9 |      17 |       3 |  15.0
        D:9 |    3671 |       0 |   0.0 |      38 |       0 |   0.0
       D:10 |    2110 |       8 |   0.4 |       5 |       4 |  44.4
       D:11 |    1248 |       0 |   0.0 |       3 |       0 |   0.0
      Sewer |       0 |     312 | 100.0 |       0 |      26 | 100.0
    Ossuary |       0 |     301 | 100.0 |       0 |      39 | 100.0
            +---------+---------+-------+---------+---------+-------
